Sabres vs Rangers

Created - February 8, 2016 at 17:35

Goals
1 2 3 T
Sabres 2 1 2 5
Rangers 0 4 2 6
Shots
1 2 3 T
Sabres 16 14 13 43
Rangers 13 10 9 32

1st period

1. Sabres , Brayden Schenn 15 (Johnny Oduya) at 14:13
2. Sabres , Francois Beauchemin 11 (Nino Niederreiter, Nazem Kadri) at 19:17 (PP)

Penalties :
Bryan Allen (NYR) for Close Hand On Puck (Minor) at 1:18, Zemgus Girgensons (NYR) for Tripping (Minor) at 10:58, Zemgus Girgensons (NYR) for Tripping (Minor) at 17:52, Ondrej Pavelec (BUF) for Slashing (Minor) at 19:35 - Kris Versteeg served the penalty.

2nd period

3. Rangers , Alex Goligoski 6 (Zemgus Girgensons, Jaromir Jagr) at 0:42 (PP)
4. Rangers , Zemgus Girgensons 15 (Jaromir Jagr, Alex Goligoski) at 5:52
5. Rangers , Tomas Tatar 14 (Kris Russell, Jaromir Jagr) at 12:09
6. Sabres , Kyle Palmieri 9 (Brad Boyes, Johnny Oduya) at 13:26
7. Rangers , Benoit Pouliot 12 (Craig Smith, Tomas Tatar) at 14:58 (PP)

Penalties :
Anton Volchenkov (NYR) for High sticking (Minor) at 2:57, Sean Couturier (NYR) for Hooking (Minor) at 9:28, Braydon Coburn (BUF) for Goalie Interference (Minor) at 9:28, Brayden Schenn (BUF) for Tripping (Minor) at 13:39

3rd period

8. Rangers , Sean Couturier 13 (Mikael Backlund, Bryan Allen) at 6:45
9. Rangers , Tyler Ennis 10 (Sean Couturier, Chris Tanev) at 11:47
10. Sabres , Thomas Vanek 19 (Oliver Ekman-Larsson, Francois Beauchemin) at 12:55
11. Sabres , Gustav Nyquist 18 (Kyle Turris, Braydon Coburn) at 19:24

Penalties :
Kris Russell (NYR) for Slashing (Minor) at 13:54, Bryan Allen (NYR) for Hooking (Minor) at 16:32, Matt Calvert (NYR) for Tripping (Minor) at 18:47, Daniel Winnik (BUF) for Hooking (Minor) at 18:47

Goalie Stats

Ondrej Pavelec (BUF), 26 saves from 32 shots - (0.813), L, 26-14-3, 59:28 minutes
Brian Elliott (NYR), 38 saves from 43 shots - (0.884), W, 23-24-1, 60:00 minutes

Players Stats for Sabres

Player Name              G  A  P  +/- PIM S  H  SB GA TA FO     MP     PP MP  PK MP  
------------------------------------------------------------------------------------
Brad Boyes               0  1  1   0  0   0  0  0  0  0  0/0     3:50   0:00   0:00 
Brayden Schenn           1  0  1   0  2   4  3  0  0  0  0/0    13:20   0:26   0:00 
Braydon Coburn           0  1  1   2  2   1  1  1  0  0  0/0    20:32   3:44   1:20 
Daniel Winnik            0  0  0  -2  2   1  0  0  0  0  1/1    11:30   0:00   2:02 
Francois Beauchemin      1  1  2   1  0   3  1  1  0  0  0/0    26:46   7:36   1:06 
Grant Clitsome           0  0  0  -3  0   0  1  0  0  0  0/0    11:55   0:00   0:00 
Gustav Nyquist           1  0  1   1  0   5  0  0  0  0  0/2    21:48   6:51   0:00 
Jacob Josefson           0  0  0   0  0   0  0  0  0  0  3/5     3:50   0:00   0:00 
Johnny Oduya             0  2  2   1  0   1  2  0  0  0  0/0    16:44   0:00   1:06 
Kris Versteeg            0  0  0  -2  0   0  0  0  0  0  0/0     9:53   0:00   0:24 
Kyle Palmieri            1  0  1   0  0   4  0  0  0  0  0/0     8:19   4:29   0:00 
Kyle Turris              0  1  1   2  0   7  4  0  0  0  24/43  25:56   6:51   0:00 
Lars Eller               0  0  0  -2  0   1  0  0  0  0  9/14   10:48   0:00   0:24 
Nazem Kadri              0  1  1   0  0   3  3  0  0  0  16/36  19:26   4:29   2:02 
Nino Niederreiter        0  1  1   1  0   2  3  0  0  0  1/2    21:06   4:03   0:00 
Oliver Ekman-Larsson     0  1  1   0  0   3  0  0  0  0  0/0    27:42   7:36   1:20 
Rasmus Ristolainen       0  0  0  -1  0   2  0  0  0  0  0/0    16:20   3:44   0:00 
Thomas Vanek             1  0  1   1  0   6  0  0  0  0  1/1    24:35   6:51   0:00 

Players Stats for Rangers

Player Name              G  A  P  +/- PIM S  H  SB GA TA FO     MP     PP MP  PK MP  
------------------------------------------------------------------------------------
Alex Goligoski           1  1  2   1  0   1  1  0  0  0  0/0    29:41   1:32   7:49 
Anton Volchenkov         0  0  0   1  2   0  5  0  0  0  0/0    13:35   0:30   0:24 
Benoit Pouliot           1  0  1  -1  0   3  1  0  0  0  1/2    12:03   0:54   0:00 
Brad Richards            0  0  0   1  0   1  0  0  0  0  6/13    7:00   0:00   1:08 
Bryan Allen              0  1  1  -1  4   0  1  0  0  0  0/0    16:51   0:00   2:31 
Chris Tanev              0  1  1   0  0   0  0  2  0  0  0/0    26:13   1:32   6:09 
Craig Smith              0  1  1  -1  0   4  0  0  0  0  2/9    10:37   0:54   0:00 
David Jones              0  0  0   0  0   2  0  0  0  0  0/0     4:24   0:00   0:00 
Eric Brewer              0  0  0   0  0   0  1  1  0  0  0/0     5:45   0:24   0:00 
Jaromir Jagr             0  3  3   1  0   3  0  0  0  0  0/1    18:30   1:32   0:00 
Kris Russell             0  1  1  -2  2   1  0  2  0  0  0/0    26:25   0:54   5:47 
Lance Bouma              0  0  0  -1  0   1  1  0  0  0  4/6    10:27   0:00   3:28 
Matt Calvert             0  0  0  -1  2   1  1  0  0  0  3/3     9:42   0:00   0:00 
Mikael Backlund          0  1  1   1  0   3  1  0  0  0  0/1    19:50   0:00   7:52 
Sean Couturier           1  1  2   0  2   5  0  0  0  0  19/40  21:35   0:00   7:52 
Tomas Tatar              1  1  2   1  0   2  3  0  0  0  1/2    17:52   0:54   0:00 
Tyler Ennis              1  0  1   1  0   1  1  1  0  0  2/4    13:30   1:32   0:00 
Zemgus Girgensons        1  1  2   1  4   4  1  0  0  0  11/23  21:21   1:32   2:20 

3 Stars

1 - Tomas Tatar (NYR)
2 - Francois Beauchemin (BUF)
3 - Alex Goligoski (NYR)

Power Play

Sabres - 1 on 6 Attempt(s) - 16.67%
Rangers - 2 on 2 Attempt(s) - 100.00%

Penalty Kill

Sabres - 0 on 2 Attempt(s) - 0.00% - Score 0 goal in Penalty Kill
Rangers - 5 on 6 Attempt(s) - 83.33% - Score 0 goal in Penalty Kill

Team Stat

Sabres - Hits : 18 - Faceoff Wins : 55 - Blocked Shots : 2 - Penalty Minutes : 6
Rangers - Hits : 17 - Faceoff Wins : 49 - Blocked Shots : 6 - Penalty Minutes : 16

Official

Referees : Frederick L'Ecuyer and Dan O'Rourke
Linesman : John Grandt and Mark Shewchyk

Game Notes

Eric Brewer is injured at 6:31 of 2nd period (Bruised Left Shoulder)

Finance

Level 1 -- Attendance: 4911 (75.55%) -- Ticket Income $613,875
Level 2 -- Attendance: 4719 (94.38%) -- Ticket Income $353,925
Level 3 -- Attendance: 3143 (89.80%) -- Ticket Income $157,150
Level 4 -- Attendance: 2006 (100.00%) -- Ticket Income $50,150
Luxury Box -- Attendance: 679 (67.90%) -- Ticket Income $169,750
Game was played at the Madison Square Garden.
Total Attendance: 15458 (85.85%)
Total Ticket Income: $1,344,850
Other Income: $201,728
Total Income: $1,546,578

% Time on Ice - Sabres

Lines # - Real PCT - Wanted PCT - Time Play
Normal Forward
1 - 39% - 40% - 16:49
2 - 30% - 30% - 12:55
3 - 22% - 20% - 9:29
4 - 9% - 10% - 3:50
Normal Defense
1 - 38% - 38% - 16:16
2 - 35% - 34% - 14:52
3 - 28% - 24% - 11:55
4 - 0% - 4% - 0:00
PP Forward
1 - 60% - 60% - 6:51
2 - 40% - 40% - 4:29
PP Defense
1 - 67% - 60% - 7:36
2 - 33% - 40% - 3:44
PK Forward
1 - 84% - 60% - 2:02
2 - 16% - 40% - 0:24
PK Defense
1 - 45% - 60% - 1:06
2 - 55% - 40% - 1:20
PK3 Forward
1 - 0% - 60%
2 - 0% - 40%
PK3 Defense
1 - 0% - 60%
2 - 0% - 40%
44 Forward
1 - 71% - 60% - 2:16
2 - 29% - 40% - 0:55
44 Defense
1 - 57% - 60% - 1:48
2 - 43% - 40% - 1:23
Last Minute Offensive  - 0:00
Last Minute Defensive  - 0:00
Total
Forward - 60:00
Defense - 60:00

% Time on Ice - Rangers

Lines # - Real PCT - Wanted PCT - Time Play
Normal Forward
1 - 39% - 40% - 16:58
2 - 28% - 30% - 11:58
3 - 23% - 20% - 9:43
4 - 10% - 10% - 4:24
Normal Defense
1 - 39% - 40% - 16:58
2 - 30% - 30% - 13:01
3 - 29% - 20% - 12:26
4 - 1% - 10% - 0:38
PP Forward
1 - 63% - 60% - 1:32
2 - 37% - 40% - 0:54
PP Defense
1 - 63% - 60% - 1:32
2 - 37% - 40% - 0:54
PK Forward
1 - 69% - 60% - 7:52
2 - 31% - 40% - 3:28
PK Defense
1 - 58% - 60% - 6:35
2 - 42% - 40% - 4:45
PK3 Forward
1 - 0% - 60%
2 - 0% - 40%
PK3 Defense
1 - 0% - 60%
2 - 0% - 40%
44 Forward
1 - 100% - 60% - 3:11
2 - 0% - 40% - 0:00
44 Defense
1 - 45% - 60% - 1:25
2 - 55% - 40% - 1:46
Last Minute Offensive  - 0:00
Last Minute Defensive  - 0:00
Total
Forward - 60:00
Defense - 60:00

Play by Play

1st period


0:01 of 1st period - Kyle Turris wins face-off versus Zemgus Girgensons in neutral zone.
0:26 of 1st period - Shot by Jaromir Jagr.
0:26 of 1st period - Deflect By Tomas Tatar.
0:26 of 1st period - Shot Blocked by Francois Beauchemin.
0:48 of 1st period - Off-side.
0:49 of 1st period - Sean Couturier wins face-off versus Nazem Kadri in neutral zone.
1:13 of 1st period - Shot by Nazem Kadri.
1:13 of 1st period - Shot Misses the Net.
1:18 of 1st period - Minor Penalty to Bryan Allen for Close Hand On Puck.
1:19 of 1st period - Nazem Kadri wins face-off versus Sean Couturier in Rangers zone.
1:20 of 1st period - Shot by Francois Beauchemin.
1:20 of 1st period - Stopped by Brian Elliott without a rebound.
1:21 of 1st period - Kyle Turris wins face-off versus Sean Couturier in Rangers zone.
1:26 of 1st period - Shot by Thomas Vanek.
1:26 of 1st period - Deflect By Gustav Nyquist.
1:26 of 1st period - Stopped by Brian Elliott without a rebound.
1:27 of 1st period - Nazem Kadri wins face-off versus Sean Couturier in Rangers zone.
1:34 of 1st period - Shot by Oliver Ekman-Larsson.
1:34 of 1st period - Shot Blocked by Chris Tanev.
1:40 of 1st period - Shot by Oliver Ekman-Larsson.
1:40 of 1st period - Shot Misses the Net.
1:42 of 1st period - Shot by Nino Niederreiter.
1:42 of 1st period - Stopped by Brian Elliott without a rebound.
1:43 of 1st period - Zemgus Girgensons wins face-off versus Kyle Turris in Rangers zone.
1:48 of 1st period - Shot by Braydon Coburn.
1:48 of 1st period - Stopped by Brian Elliott without a rebound.
1:49 of 1st period - Sean Couturier wins face-off versus Kyle Turris in Rangers zone.
3:53 of 1st period - Shot by Lars Eller.
3:53 of 1st period - Stopped by Brian Elliott with a rebound.
4:52 of 1st period - Icing by Oliver Ekman-Larsson.
4:53 of 1st period - Sean Couturier wins face-off versus Kyle Turris in Sabres zone.
5:28 of 1st period - Shot by Kyle Turris.
5:28 of 1st period - Stopped by Brian Elliott without a rebound.
5:29 of 1st period - Brad Richards wins face-off versus Gustav Nyquist in Rangers zone.
5:38 of 1st period - Eric Brewer is hit by Nazem Kadri and loses puck.
6:44 of 1st period - Alex Goligoski is hit by Johnny Oduya and loses puck.
8:28 of 1st period - Shot by Sean Couturier.
8:28 of 1st period - Stopped by Ondrej Pavelec without a rebound.
8:29 of 1st period - Matt Calvert wins face-off versus Nazem Kadri in Sabres zone.
8:46 of 1st period - Shot by Craig Smith.
8:46 of 1st period - Stopped by Ondrej Pavelec without a rebound.
8:47 of 1st period - Brad Richards wins face-off versus Jacob Josefson in Sabres zone.
8:56 of 1st period - Shot by David Jones.
8:56 of 1st period - Stopped by Ondrej Pavelec without a rebound.
8:57 of 1st period - Sean Couturier wins face-off versus Nazem Kadri in Sabres zone.
9:58 of 1st period - Shot by Benoit Pouliot.
9:58 of 1st period - Shot Misses the Net.
10:28 of 1st period - Shot by Benoit Pouliot.
10:28 of 1st period - Shot Hit the Post.
10:30 of 1st period - Shot by Bryan Allen.
10:30 of 1st period - Shot Misses the Net.
10:32 of 1st period - Shot by Craig Smith.
10:32 of 1st period - Stopped by Ondrej Pavelec without a rebound.
10:33 of 1st period - Zemgus Girgensons wins face-off versus Lars Eller in Sabres zone.
10:33 of 1st period - Zemgus Girgensons is hit by Johnny Oduya.
10:58 of 1st period - Minor Penalty to Zemgus Girgensons for Tripping.
10:59 of 1st period - Sean Couturier wins face-off versus Nazem Kadri in Rangers zone.
11:26 of 1st period - Shot by Kyle Palmieri.
11:26 of 1st period - Stopped by Brian Elliott without a rebound.
11:27 of 1st period - Kyle Turris wins face-off versus Brad Richards in Rangers zone.
11:40 of 1st period - Shot by Oliver Ekman-Larsson.
11:40 of 1st period - Stopped by Brian Elliott without a rebound.
11:41 of 1st period - Sean Couturier wins face-off versus Gustav Nyquist in Rangers zone.
11:41 of 1st period - Sean Couturier is hit by Kyle Turris.
11:48 of 1st period - Icing by Oliver Ekman-Larsson.
11:49 of 1st period - Kyle Turris wins face-off versus Sean Couturier in Sabres zone.
12:10 of 1st period - Shot by Gustav Nyquist.
12:10 of 1st period - Shot Misses the Net.
12:12 of 1st period - Shot by Kyle Turris.
12:12 of 1st period - Stopped by Brian Elliott without a rebound.
12:13 of 1st period - Lance Bouma wins face-off versus Nazem Kadri in Rangers zone.
12:22 of 1st period - Mikael Backlund is hit by Nino Niederreiter.
12:32 of 1st period - Shot by Mikael Backlund.
12:32 of 1st period - Stopped by Ondrej Pavelec without a rebound.
12:33 of 1st period - Kyle Turris wins face-off versus Brad Richards in Sabres zone.
12:37 of 1st period - Icing by Francois Beauchemin.
12:38 of 1st period - Sean Couturier wins face-off versus Kyle Turris in Sabres zone.
12:57 of 1st period - Shot by Thomas Vanek.
12:57 of 1st period - Shot Misses the Net.
13:19 of 1st period - Shot by Zemgus Girgensons.
13:19 of 1st period - Stopped by Ondrej Pavelec without a rebound.
13:20 of 1st period - Thomas Vanek wins face-off versus Craig Smith in Sabres zone.
14:05 of 1st period - Shot by Kyle Turris.
14:05 of 1st period - Stopped by Brian Elliott without a rebound.
14:06 of 1st period - Zemgus Girgensons wins face-off versus Nazem Kadri in Rangers zone.
14:06 of 1st period - Kris Russell is hit by Brayden Schenn and loses puck.
14:13 of 1st period - Shot by Brayden Schenn.
14:13 of 1st period - Goal by Brayden Schenn - Sabres : 1 - Rangers : 0.
14:14 of 1st period - Zemgus Girgensons wins face-off versus Nazem Kadri in neutral zone.
14:19 of 1st period - Shot by Jaromir Jagr.
14:19 of 1st period - Stopped by Ondrej Pavelec with a rebound.
14:21 of 1st period - Shot by Jaromir Jagr.
14:21 of 1st period - Stopped by Ondrej Pavelec without a rebound.
14:22 of 1st period - Sean Couturier wins face-off versus Nazem Kadri in Sabres zone.
14:39 of 1st period - Shot by Nazem Kadri.
14:39 of 1st period - Stopped by Brian Elliott without a rebound.
14:40 of 1st period - Zemgus Girgensons wins face-off versus Kyle Turris in Rangers zone.
15:03 of 1st period - Shot by Jaromir Jagr.
15:03 of 1st period - Stopped by Ondrej Pavelec without a rebound.
15:04 of 1st period - Nazem Kadri wins face-off versus Sean Couturier in Sabres zone.
15:33 of 1st period - Shot by Mikael Backlund.
15:33 of 1st period - Shot Blocked by Braydon Coburn.
15:35 of 1st period - Shot by Kris Russell.
15:35 of 1st period - Stopped by Ondrej Pavelec without a rebound.
15:36 of 1st period - Kyle Turris wins face-off versus Zemgus Girgensons in Sabres zone.
15:36 of 1st period - Kyle Turris is hit by Zemgus Girgensons.
15:43 of 1st period - Kyle Turris is hit by Alex Goligoski and loses puck.
15:48 of 1st period - Shot by Kyle Turris.
15:48 of 1st period - Shot Misses the Net.
15:54 of 1st period - Shot by Kyle Turris.
15:54 of 1st period - Stopped by Brian Elliott without a rebound.
15:55 of 1st period - Craig Smith wins face-off versus Lars Eller in Rangers zone.
16:06 of 1st period - Shot by Matt Calvert.
16:06 of 1st period - Stopped by Ondrej Pavelec without a rebound.
16:07 of 1st period - Kyle Turris wins face-off versus Zemgus Girgensons in Sabres zone.
16:36 of 1st period - Icing by Nino Niederreiter.
16:37 of 1st period - Kyle Turris wins face-off versus Sean Couturier in Sabres zone.
16:39 of 1st period - Icing by Braydon Coburn.
16:40 of 1st period - Sean Couturier wins face-off versus Kyle Turris in Sabres zone.
16:47 of 1st period - Shot by Mikael Backlund.
16:47 of 1st period - Stopped by Ondrej Pavelec without a rebound.
16:48 of 1st period - Nazem Kadri wins face-off versus Sean Couturier in Sabres zone.
16:58 of 1st period - Icing by Chris Tanev.
16:59 of 1st period - Kyle Turris wins face-off versus Mikael Backlund in Rangers zone.
17:15 of 1st period - Shot by Sean Couturier.
17:15 of 1st period - Shot Misses the Net.
17:52 of 1st period - Minor Penalty to Zemgus Girgensons for Tripping.
17:53 of 1st period - Nazem Kadri wins face-off versus Brad Richards in Rangers zone.
18:18 of 1st period - Shot by Nazem Kadri.
18:18 of 1st period - Stopped by Brian Elliott without a rebound.
18:19 of 1st period - Kyle Turris wins face-off versus Sean Couturier in Rangers zone.
18:40 of 1st period - Shot by Gustav Nyquist.
18:40 of 1st period - Shot Misses the Net.
18:44 of 1st period - Shot by Rasmus Ristolainen.
18:44 of 1st period - Stopped by Brian Elliott without a rebound.
18:45 of 1st period - Brad Richards wins face-off versus Nazem Kadri in Rangers zone.
19:17 of 1st period - Shot by Francois Beauchemin.
19:17 of 1st period - Goal by Francois Beauchemin - Sabres : 2 - Rangers : 0.
19:18 of 1st period - Lars Eller wins face-off versus Zemgus Girgensons in neutral zone.
19:26 of 1st period - Kris Versteeg is hit by Eric Brewer and loses puck.
19:35 of 1st period - Shot by Tomas Tatar.
19:35 of 1st period - Stopped by Ondrej Pavelec without a rebound.
19:35 of 1st period - Minor Penalty to Ondrej Pavelec for Slashing.
19:36 of 1st period - Tomas Tatar wins face-off versus Nazem Kadri in Sabres zone.
19:52 of 1st period - Icing by Kris Russell.
19:53 of 1st period - Nazem Kadri wins face-off versus Tomas Tatar in Rangers zone.
Goals for this period are 2 for Sabres vs 0 for Rangers.
Shots for this period are 16 for Sabres vs 13 for Rangers.

2nd period


0:01 of 2nd period - Nazem Kadri wins face-off versus Tyler Ennis in neutral zone.
0:03 of 2nd period - Off-side.
0:04 of 2nd period - Tyler Ennis wins face-off versus Nazem Kadri in neutral zone.
0:40 of 2nd period - Shot by Zemgus Girgensons.
0:40 of 2nd period - Shot Misses the Net.
0:42 of 2nd period - Shot by Alex Goligoski.
0:42 of 2nd period - Goal by Alex Goligoski - Sabres : 2 - Rangers : 1.
0:43 of 2nd period - Kyle Turris wins face-off versus Benoit Pouliot in neutral zone.
0:46 of 2nd period - Benoit Pouliot is hit by Nino Niederreiter.
1:02 of 2nd period - Shot by Craig Smith.
1:02 of 2nd period - Stopped by Ondrej Pavelec without a rebound.
1:03 of 2nd period - Jacob Josefson wins face-off versus Brad Richards in Sabres zone.
1:03 of 2nd period - Jacob Josefson is hit by Lance Bouma.
1:24 of 2nd period - Shot by David Jones.
1:24 of 2nd period - Stopped by Ondrej Pavelec without a rebound.
1:25 of 2nd period - Zemgus Girgensons wins face-off versus Nazem Kadri in Sabres zone.
2:02 of 2nd period - Shot by Gustav Nyquist.
2:02 of 2nd period - Stopped by Brian Elliott without a rebound.
2:03 of 2nd period - Kyle Turris wins face-off versus Sean Couturier in Rangers zone.
2:06 of 2nd period - Shot by Kyle Turris.
2:06 of 2nd period - Shot Misses the Net.
2:08 of 2nd period - Shot by Thomas Vanek.
2:08 of 2nd period - Stopped by Brian Elliott without a rebound.
2:09 of 2nd period - Kyle Turris wins face-off versus Sean Couturier in Rangers zone.
2:41 of 2nd period - Shot by Kyle Turris.
2:41 of 2nd period - Stopped by Brian Elliott without a rebound.
2:42 of 2nd period - Nazem Kadri wins face-off versus Zemgus Girgensons in Rangers zone.
2:53 of 2nd period - Shot by Gustav Nyquist.
2:53 of 2nd period - Stopped by Brian Elliott with a rebound.
2:55 of 2nd period - Shot by Brayden Schenn.
2:55 of 2nd period - Stopped by Brian Elliott without a rebound.
2:56 of 2nd period - Lars Eller wins face-off versus Craig Smith in Rangers zone.
2:56 of 2nd period - Lars Eller is hit by Anton Volchenkov.
2:57 of 2nd period - Minor Penalty to Anton Volchenkov for High sticking.
2:58 of 2nd period - Sean Couturier wins face-off versus Kyle Turris in Rangers zone.
3:14 of 2nd period - Shot by Oliver Ekman-Larsson.
3:14 of 2nd period - Stopped by Brian Elliott without a rebound.
3:15 of 2nd period - Nazem Kadri wins face-off versus Sean Couturier in Rangers zone.
3:18 of 2nd period - Shot by Nazem Kadri.
3:18 of 2nd period - Shot Misses the Net.
3:20 of 2nd period - Shot by Nazem Kadri.
3:20 of 2nd period - Deflect By Kyle Palmieri.
3:20 of 2nd period - Stopped by Brian Elliott without a rebound.
3:21 of 2nd period - Kyle Turris wins face-off versus Sean Couturier in Rangers zone.
3:30 of 2nd period - Shot by Francois Beauchemin.
3:30 of 2nd period - Stopped by Brian Elliott without a rebound.
3:31 of 2nd period - Kyle Turris wins face-off versus Sean Couturier in Rangers zone.
3:59 of 2nd period - Shot by Kyle Turris.
3:59 of 2nd period - Stopped by Brian Elliott with a rebound.
5:22 of 2nd period - Icing by Kris Versteeg.
5:23 of 2nd period - Lars Eller wins face-off versus Zemgus Girgensons in Sabres zone.
5:52 of 2nd period - Shot by Zemgus Girgensons.
5:52 of 2nd period - Goal by Zemgus Girgensons - Sabres : 2 - Rangers : 2.
5:53 of 2nd period - Matt Calvert wins face-off versus Jacob Josefson in neutral zone.
6:04 of 2nd period - Shot by Benoit Pouliot.
6:04 of 2nd period - Stopped by Ondrej Pavelec without a rebound.
6:05 of 2nd period - Nazem Kadri wins face-off versus Sean Couturier in Sabres zone.
6:18 of 2nd period - Anton Volchenkov is hit by Nazem Kadri and loses puck.
6:31 of 2nd period - Shot by Gustav Nyquist.
6:31 of 2nd period - Shot Blocked by Eric Brewer.
6:31 of 2nd period - Eric Brewer from Rangers is injured at 6:31 of 2nd period (Bruised Left Shoulder).
6:32 of 2nd period - Kyle Turris wins face-off versus Zemgus Girgensons in Rangers zone.
7:16 of 2nd period - Shot by Zemgus Girgensons.
7:16 of 2nd period - Stopped by Ondrej Pavelec without a rebound.
7:17 of 2nd period - Sean Couturier wins face-off versus Nazem Kadri in Sabres zone.
7:26 of 2nd period - Shot by Mikael Backlund.
7:26 of 2nd period - Stopped by Ondrej Pavelec without a rebound.
7:27 of 2nd period - Craig Smith wins face-off versus Lars Eller in Sabres zone.
7:38 of 2nd period - Shot by Benoit Pouliot.
7:38 of 2nd period - Shot Misses the Net.
9:28 of 2nd period - Minor Penalty to Sean Couturier for Hooking.
9:28 of 2nd period - Minor Penalty to Braydon Coburn for Goalie Interference.
9:29 of 2nd period - Lance Bouma wins face-off versus Kyle Turris in Sabres zone.
9:42 of 2nd period - Shot by Benoit Pouliot.
9:42 of 2nd period - Stopped by Ondrej Pavelec without a rebound.
9:43 of 2nd period - Benoit Pouliot wins face-off versus Kyle Turris in Sabres zone.
10:24 of 2nd period - Chris Tanev is hit by Kyle Turris and loses puck.
11:16 of 2nd period - Shot by Brad Richards.
11:16 of 2nd period - Shot Misses the Net.
11:18 of 2nd period - Shot by Bryan Allen.
11:18 of 2nd period - Shot Misses the Net.
12:09 of 2nd period - Shot by Tomas Tatar.
12:09 of 2nd period - Goal by Tomas Tatar - Sabres : 2 - Rangers : 3.
12:10 of 2nd period - Lars Eller wins face-off versus Zemgus Girgensons in neutral zone.
12:23 of 2nd period - Shot by Lars Eller.
12:23 of 2nd period - Shot Blocked by Kris Russell.
12:25 of 2nd period - Shot by Daniel Winnik.
12:25 of 2nd period - Shot Misses the Net.
12:27 of 2nd period - Shot by Daniel Winnik.
12:27 of 2nd period - Deflect By Kris Versteeg.
12:27 of 2nd period - Shot Misses the Net.
12:29 of 2nd period - Shot by Johnny Oduya.
12:29 of 2nd period - Stopped by Brian Elliott without a rebound.
12:30 of 2nd period - Kyle Turris wins face-off versus Sean Couturier in Rangers zone.
12:39 of 2nd period - Shot by Thomas Vanek.
12:39 of 2nd period - Shot Misses the Net.
12:51 of 2nd period - Shot by Kyle Turris.
12:51 of 2nd period - Shot Misses the Net.
12:53 of 2nd period - Shot by Thomas Vanek.
12:53 of 2nd period - Deflect By Nino Niederreiter.
12:53 of 2nd period - Stopped by Brian Elliott without a rebound.
12:54 of 2nd period - Jacob Josefson wins face-off versus Craig Smith in Rangers zone.
12:54 of 2nd period - Braydon Coburn is hit by Bryan Allen and loses puck.
13:26 of 2nd period - Shot by Brad Boyes.
13:26 of 2nd period - Deflect By Kyle Palmieri.
13:26 of 2nd period - Goal by Kyle Palmieri - Sabres : 3 - Rangers : 3.
13:27 of 2nd period - Kyle Turris wins face-off versus Zemgus Girgensons in neutral zone.
13:35 of 2nd period - Shot by Kyle Turris.
13:35 of 2nd period - Shot Misses the Net.
13:37 of 2nd period - Shot by Thomas Vanek.
13:37 of 2nd period - Stopped by Brian Elliott without a rebound.
13:38 of 2nd period - Sean Couturier wins face-off versus Nazem Kadri in Rangers zone.
13:38 of 2nd period - Sean Couturier is hit by Nazem Kadri.
13:39 of 2nd period - Minor Penalty to Brayden Schenn for Tripping.
13:40 of 2nd period - Tyler Ennis wins face-off versus Nazem Kadri in Sabres zone.
14:02 of 2nd period - Shot by Alex Goligoski.
14:02 of 2nd period - Shot Misses the Net.
14:58 of 2nd period - Shot by Craig Smith.
14:58 of 2nd period - Deflect By Benoit Pouliot.
14:58 of 2nd period - Goal by Benoit Pouliot - Sabres : 3 - Rangers : 4.
14:59 of 2nd period - Kyle Turris wins face-off versus Brad Richards in neutral zone.
15:06 of 2nd period - Shot by Kyle Turris.
15:06 of 2nd period - Shot Misses the Net.
15:45 of 2nd period - Icing by Kris Russell.
15:46 of 2nd period - Brad Richards wins face-off versus Nazem Kadri in Rangers zone.
16:17 of 2nd period - Gustav Nyquist is hit by Tomas Tatar.
16:29 of 2nd period - Shot by Gustav Nyquist.
16:29 of 2nd period - Shot Misses the Net.
16:42 of 2nd period - Nazem Kadri is hit by Tomas Tatar and loses puck.
16:59 of 2nd period - Shot by Kris Versteeg.
16:59 of 2nd period - Deflect By Daniel Winnik.
16:59 of 2nd period - Stopped by Brian Elliott with a rebound.
17:16 of 2nd period - Icing by Chris Tanev.
17:17 of 2nd period - Kyle Turris wins face-off versus Zemgus Girgensons in Rangers zone.
17:31 of 2nd period - Icing by Chris Tanev.
17:32 of 2nd period - Lars Eller wins face-off versus Jaromir Jagr in Rangers zone.
18:03 of 2nd period - Braydon Coburn is hit by Tyler Ennis and loses puck.
18:52 of 2nd period - Kyle Turris is hit by Anton Volchenkov and loses puck.
19:45 of 2nd period - Alex Goligoski is hit by Brayden Schenn and loses puck.
Goals for this period are 1 for Sabres vs 4 for Rangers.
Shots for this period are 14 for Sabres vs 10 for Rangers.

3rd period


0:01 of 3rd period - Zemgus Girgensons wins face-off versus Kyle Turris in neutral zone.
0:10 of 3rd period - Icing by Francois Beauchemin.
0:11 of 3rd period - Sean Couturier wins face-off versus Kyle Turris in Sabres zone.
0:16 of 3rd period - Shot by Mikael Backlund.
0:16 of 3rd period - Shot Misses the Net.
1:04 of 3rd period - Shot by Gustav Nyquist.
1:04 of 3rd period - Shot Blocked by Tyler Ennis.
2:41 of 3rd period - Shot by Craig Smith.
2:41 of 3rd period - Stopped by Ondrej Pavelec without a rebound.
2:42 of 3rd period - Brad Richards wins face-off versus Kyle Turris in Sabres zone.
3:00 of 3rd period - Shot by Brad Richards.
3:00 of 3rd period - Stopped by Ondrej Pavelec with a rebound.
3:02 of 3rd period - Shot by Anton Volchenkov.
3:02 of 3rd period - Shot Misses the Net.
3:10 of 3rd period - Shot by Brad Richards.
3:10 of 3rd period - Deflect By Lance Bouma.
3:10 of 3rd period - Stopped by Ondrej Pavelec without a rebound.
3:11 of 3rd period - Nazem Kadri wins face-off versus Craig Smith in Sabres zone.
3:11 of 3rd period - Nazem Kadri is hit by Matt Calvert.
3:20 of 3rd period - Nazem Kadri is hit by Anton Volchenkov.
3:27 of 3rd period - Icing by Kris Russell.
3:28 of 3rd period - Jacob Josefson wins face-off versus Craig Smith in Rangers zone.
3:28 of 3rd period - Jacob Josefson is hit by Anton Volchenkov.
4:23 of 3rd period - Thomas Vanek is hit by Anton Volchenkov and loses puck.
4:38 of 3rd period - Shot by Kyle Turris.
4:38 of 3rd period - Shot Misses the Net.
4:53 of 3rd period - Shot by Kyle Turris.
4:53 of 3rd period - Shot Misses the Net.
4:55 of 3rd period - Shot by Nino Niederreiter.
4:55 of 3rd period - Shot Misses the Net.
4:57 of 3rd period - Shot by Kyle Turris.
4:57 of 3rd period - Shot Misses the Net.
4:59 of 3rd period - Shot by Thomas Vanek.
4:59 of 3rd period - Shot Misses the Net.
5:25 of 3rd period - Shot by Zemgus Girgensons.
5:25 of 3rd period - Shot Misses the Net.
5:39 of 3rd period - Shot by Zemgus Girgensons.
5:39 of 3rd period - Shot Misses the Net.
5:43 of 3rd period - Shot by Zemgus Girgensons.
5:43 of 3rd period - Shot Misses the Net.
5:52 of 3rd period - Tomas Tatar is hit by Grant Clitsome and loses puck.
6:11 of 3rd period - Shot by Mikael Backlund.
6:11 of 3rd period - Shot Misses the Net.
6:31 of 3rd period - Shot by Sean Couturier.
6:31 of 3rd period - Stopped by Ondrej Pavelec with a rebound.
6:41 of 3rd period - Shot by Sean Couturier.
6:41 of 3rd period - Stopped by Ondrej Pavelec with a rebound.
6:43 of 3rd period - Shot by Sean Couturier.
6:43 of 3rd period - Stopped by Ondrej Pavelec with a rebound.
6:45 of 3rd period - Shot by Sean Couturier.
6:45 of 3rd period - Goal by Sean Couturier - Sabres : 3 - Rangers : 5.
6:46 of 3rd period - Kyle Turris wins face-off versus Brad Richards in neutral zone.
7:17 of 3rd period - Icing by Alex Goligoski.
7:18 of 3rd period - Lars Eller wins face-off versus Brad Richards in Rangers zone.
7:26 of 3rd period - Icing by Alex Goligoski.
7:27 of 3rd period - Brad Richards wins face-off versus Lars Eller in Rangers zone.
7:35 of 3rd period - Icing by Johnny Oduya.
7:36 of 3rd period - Zemgus Girgensons wins face-off versus Lars Eller in Sabres zone.
8:50 of 3rd period - Shot by Thomas Vanek.
8:50 of 3rd period - Stopped by Brian Elliott without a rebound.
8:51 of 3rd period - Nazem Kadri wins face-off versus Sean Couturier in Rangers zone.
9:32 of 3rd period - Shot by Gustav Nyquist.
9:32 of 3rd period - Shot Misses the Net.
9:45 of 3rd period - Tyler Ennis is hit by Francois Beauchemin and loses puck.
9:55 of 3rd period - Off-side.
9:56 of 3rd period - Lars Eller wins face-off versus Craig Smith in neutral zone.
9:56 of 3rd period - Lars Eller is hit by Benoit Pouliot.
10:09 of 3rd period - Icing by Anton Volchenkov.
10:10 of 3rd period - Matt Calvert wins face-off versus Kyle Turris in Rangers zone.
10:25 of 3rd period - Shot by Thomas Vanek.
10:25 of 3rd period - Shot Misses the Net.
11:17 of 3rd period - Shot by Nazem Kadri.
11:17 of 3rd period - Deflect By Brayden Schenn.
11:17 of 3rd period - Stopped by Brian Elliott without a rebound.
11:18 of 3rd period - Daniel Winnik wins face-off versus Tyler Ennis in Rangers zone.
11:19 of 3rd period - Shot by Kris Versteeg.
11:19 of 3rd period - Shot Hit the Post.
11:45 of 3rd period - Shot by Tyler Ennis.
11:45 of 3rd period - Shot Misses the Net.
11:47 of 3rd period - Shot by Sean Couturier.
11:47 of 3rd period - Deflect By Tyler Ennis.
11:47 of 3rd period - Goal by Tyler Ennis - Sabres : 3 - Rangers : 6.
11:48 of 3rd period - Zemgus Girgensons wins face-off versus Nazem Kadri in neutral zone.
12:16 of 3rd period - Icing by Tomas Tatar.
12:17 of 3rd period - Nino Niederreiter wins face-off versus Zemgus Girgensons in Rangers zone.
12:30 of 3rd period - Kyle Turris is hit by Tomas Tatar and loses puck.
12:55 of 3rd period - Shot by Thomas Vanek.
12:55 of 3rd period - Goal by Thomas Vanek - Sabres : 4 - Rangers : 6.
12:56 of 3rd period - Sean Couturier wins face-off versus Nazem Kadri in neutral zone.
13:08 of 3rd period - Shot by Brayden Schenn.
13:08 of 3rd period - Stopped by Brian Elliott without a rebound.
13:09 of 3rd period - Lars Eller wins face-off versus Craig Smith in Rangers zone.
13:10 of 3rd period - Shot by Daniel Winnik.
13:10 of 3rd period - Shot Blocked by Kris Russell.
13:12 of 3rd period - Shot by Rasmus Ristolainen.
13:12 of 3rd period - Stopped by Brian Elliott without a rebound.
13:13 of 3rd period - Sean Couturier wins face-off versus Nazem Kadri in Rangers zone.
13:13 of 3rd period - Sean Couturier is hit by Brayden Schenn.
13:31 of 3rd period - Shot by Gustav Nyquist.
13:31 of 3rd period - Stopped by Brian Elliott without a rebound.
13:32 of 3rd period - Kyle Turris wins face-off versus Zemgus Girgensons in Rangers zone.
13:35 of 3rd period - Shot by Thomas Vanek.
13:35 of 3rd period - Stopped by Brian Elliott without a rebound.
13:36 of 3rd period - Zemgus Girgensons wins face-off versus Nino Niederreiter in Rangers zone.
13:53 of 3rd period - Shot by Oliver Ekman-Larsson.
13:53 of 3rd period - Deflect By Kyle Turris.
13:53 of 3rd period - Stopped by Brian Elliott without a rebound.
13:54 of 3rd period - Nazem Kadri wins face-off versus Sean Couturier in Rangers zone.
13:54 of 3rd period - Minor Penalty to Kris Russell for Slashing.
13:55 of 3rd period - Sean Couturier wins face-off versus Kyle Turris in Rangers zone.
13:55 of 3rd period - Sean Couturier is hit by Kyle Turris.
15:18 of 3rd period - Shot by Nazem Kadri.
15:18 of 3rd period - Stopped by Brian Elliott without a rebound.
15:19 of 3rd period - Nazem Kadri wins face-off versus Sean Couturier in Rangers zone.
16:14 of 3rd period - Shot by Oliver Ekman-Larsson.
16:14 of 3rd period - Stopped by Brian Elliott without a rebound.
16:15 of 3rd period - Zemgus Girgensons wins face-off versus Kyle Turris in Rangers zone.
16:15 of 3rd period - Zemgus Girgensons is hit by Nino Niederreiter.
16:25 of 3rd period - Shot by Jaromir Jagr.
16:25 of 3rd period - Shot Misses the Net.
16:32 of 3rd period - Minor Penalty to Bryan Allen for Hooking.
16:33 of 3rd period - Kyle Turris wins face-off versus Sean Couturier in Rangers zone.
16:48 of 3rd period - Shot by Kyle Turris.
16:48 of 3rd period - Shot Blocked by Chris Tanev.
17:16 of 3rd period - Shot by Zemgus Girgensons.
17:16 of 3rd period - Stopped by Ondrej Pavelec without a rebound.
17:17 of 3rd period - Nazem Kadri wins face-off versus Sean Couturier in Sabres zone.
17:19 of 3rd period - Icing by Kyle Palmieri.
17:20 of 3rd period - Nazem Kadri wins face-off versus Sean Couturier in Sabres zone.
17:22 of 3rd period - Icing by Nino Niederreiter.
17:23 of 3rd period - Sean Couturier wins face-off versus Nazem Kadri in Sabres zone.
17:23 of 3rd period - Mikael Backlund is hit by Braydon Coburn and loses puck.
17:33 of 3rd period - Shot by Kyle Palmieri.
17:33 of 3rd period - Shot Misses the Net.
17:35 of 3rd period - Shot by Braydon Coburn.
17:35 of 3rd period - Shot Misses the Net.
17:37 of 3rd period - Shot by Kyle Palmieri.
17:37 of 3rd period - Stopped by Brian Elliott without a rebound.
17:38 of 3rd period - Sean Couturier wins face-off versus Kyle Turris in Rangers zone.
17:43 of 3rd period - Shot by Thomas Vanek.
17:43 of 3rd period - Stopped by Brian Elliott without a rebound.
17:44 of 3rd period - Sean Couturier wins face-off versus Kyle Turris in Rangers zone.
17:44 of 3rd period - Sean Couturier is hit by Kyle Turris.
17:54 of 3rd period - Francois Beauchemin is hit by Mikael Backlund and loses puck.
18:47 of 3rd period - Minor Penalty to Matt Calvert for Tripping.
18:47 of 3rd period - Minor Penalty to Daniel Winnik for Hooking.
18:48 of 3rd period - Lance Bouma wins face-off versus Kyle Turris in neutral zone.
18:52 of 3rd period - Icing by Braydon Coburn.
18:53 of 3rd period - Kyle Turris wins face-off versus Lance Bouma in Sabres zone.
19:24 of 3rd period - Shot by Gustav Nyquist.
19:24 of 3rd period - Goal by Gustav Nyquist - Sabres : 5 - Rangers : 6.
19:25 of 3rd period - Lars Eller wins face-off versus Lance Bouma in neutral zone.
19:28 of 3rd period - Sabres, Ondrej Pavelec is pulled from the net.
19:33 of 3rd period - Icing by Kris Russell.
19:34 of 3rd period - Lance Bouma wins face-off versus Kyle Turris in Rangers zone.
Goals for this period are 2 for Sabres vs 2 for Rangers.
Shots for this period are 13 for Sabres vs 9 for Rangers.